 Dungeon Crawl Stone Soup version 0.22-a0-278-g8f80174 (webtiles) character file.

18031 tidbits the Martial Artist (level 12, -20/92 HPs)
             Began as a Gnoll Transmuter on Mar 14, 2018.
             Was a High Priest of Cheibriados.
             Demolished by a white ugly thing (22 damage)
             ... on level 14 of the Dungeon on Mar 15, 2018.
             The game lasted 00:53:35 (4060 turns).

tidbits the Martial Artist (Gnoll Transmuter)       Turns: 4060, Time: 00:53:36

Health: -20/92     AC: 12    Str: 24    XL:     12   Next: 54%
Magic:  8/24       EV: 19    Int: 36    God:    Cheibriados [*****.]
Gold:   1268       SH: 13    Dex: 27    Spells: 4/28 levels left

rFire    . . .     SeeInvis .   a - +1 dagger (elec)
rCold    . . .     Gourm    .   D - +0 shield {AC+3}
rNeg     . . .     Faith    .   B - +1 leather armour "Eceob" {rElec Stlth+} (curse)
rPois    .         Spirit   .   E - +1 helmet
rElec    +         Reflect  .   (no cloak)
rCorr    .         Harm     .   (no gloves)
MR       .....                  F - +0 pair of boots
Stlth    +++++.....             (no amulet)
HPRegen  0.25/turn              f - +3 ring of intelligence
MPRegen  0.19/turn              W - ring of wizardry

@: very slow
A: distributed training, fangs 1, clever 1, shaggy fur 1, strong nose
a: Bend Time, Temporal Distortion, Slouch, Step From Time, Renounce Religion


You were on level 14 of the Dungeon.
You worshipped Cheibriados.
Cheibriados was extremely pleased with you.
You were near starving.

You visited 2 branches of the dungeon, and saw 15 of its levels.
You visited 1 bazaar.
You also visited: Labyrinth.

You collected 2989 gold pieces.
You spent 1721 gold pieces at shops.

Inventory:

Hand Weapons
 a - a +1 dagger of electrocution (weapon)
   (You took it off an orc wizard on level 11 of the Dungeon)
 b - a +2 war axe of chopping
   (You took it off a minotaur in a labyrinth)
 t - a +0 hunting sling of flaming
   (You took it off a goblin on level 3 of the Dungeon)
 P - a +0 morningstar
 Q - a +0 blowgun
 X - a +0 shortbow
Missiles
 j - 5 javelins of penetration
 w - 14 javelins (quivered)
 Y - 134 arrows
Armour
 e - +0 acid dragon scales
 B - the cursed +1 leather armour "Eceob" (worn) {rElec Stlth+}
   (You bought it in a shop in a bazaar)

   It insulates you from electricity.
   It makes you more stealthy.
   It has a curse placed upon it.
 C - a +3 scale mail of cold resistance
   (You found it in a labyrinth)
 D - a +0 shield of protection (worn)
   (You bought it in a shop in a bazaar)
 E - a +1 helmet (worn)
 F - a +0 pair of boots (worn)
 I - a cursed +0 robe
 N - a +2 animal skin
 U - a +0 hat
Magical Staves
 A - an uncursed staff of conjuration {!a}
   (You found it on level 6 of the Dungeon)
Jewellery
 f - a +3 ring of intelligence (left hand)
   (You found it on level 2 of the Dungeon)
 J - an uncursed ring of stealth
   (You found it on level 7 of the Dungeon)
 W - a ring of wizardry (right hand)
   (You found it on level 5 of the Dungeon)
Wands
 d - a wand of digging (6)
 n - a wand of disintegration (1)
 o - a wand of acid (7)
 y - a wand of enslavement (33)
 K - a wand of iceblast (29)
 Z - a wand of clouds (3)
Scrolls
 h - a scroll of vulnerability {unknown}
 i - 5 scrolls of teleportation
 r - 8 scrolls of remove curse
 s - 2 scrolls of fear
 u - a scroll of fog
 x - a scroll of enchant weapon
 G - a scroll of brand weapon
 L - a scroll of identify
 O - a scroll of blinking
 V - 3 scrolls of amnesia
Potions
 g - 2 potions of haste
 l - 7 potions of curing
 m - a potion of mutation {!q}
 p - a potion of magic
 q - 2 potions of lignification
 v - a potion of degeneration
 z - a potion of heal wounds
 H - 2 potions of might
 M - 2 potions of ambrosia
 T - 3 potions of resistance
Comestibles
 c - 7 rations


   Skills:
 + Level 7.7 Fighting
 + Level 7.2 Short Blades
 + Level 7.2 Long Blades
 + Level 7.2 Axes
 + Level 7.2 Maces & Flails
 + Level 7.2 Polearms
 + Level 7.2 Staves
 + Level 7.2 Slings
 + Level 7.2 Bows
 + Level 7.2 Crossbows
 + Level 7.2 Throwing
 + Level 7.2 Armour
 + Level 8.7 Dodging
 + Level 7.2 Stealth
 + Level 7.2 Shields
 + Level 9.8 Unarmed Combat
 + Level 8.9 Spellcasting
 + Level 6.0 Conjurations
 + Level 6.0 Hexes
 + Level 6.0 Charms
 + Level 6.0 Summonings
 + Level 6.0 Necromancy
 + Level 6.0 Translocations
 + Level 7.2 Transmutations
 + Level 6.0 Fire Magic
 + Level 6.0 Ice Magic
 + Level 6.0 Air Magic
 + Level 6.0 Earth Magic
 + Level 6.0 Poison Magic
 + Level 8.0 Invocations
 + Level 7.2 Evocations


You had 4 spell levels left.
You knew the following spells:

 Your Spells              Type           Power        Failure   Level  Hunger
e - Beastly Appendage     Tmut           ######       1%          1    None
h - Blade Hands           Tmut           ######....   4%          5    ###....
i - Ice Form              Ice/Tmut       ######..     1%          4    None
k - Sticks to Snakes      Tmut           ######..     1%          2    None
p - Spider Form           Tmut/Pois      ######....   1%          3    None
r - Regeneration          Chrm/Necr      ######....   1%          3    None
v - Borgnjor's Vile Clut  Necr/Erth      ######....   8%          5    ###....
A - Apportation           Tloc           ######       1%          1    None


Dungeon Overview and Level Annotations

Branches:
Dungeon (14/15)            Temple (1/1) D:6            Lair (0/6) D:11
    Orc (0/2) D:10         Vaults (0/5) D:13

Altars:
Cheibriados
Dithmenos
Elyvilon
Fedhas
Hepliaklqana
Kikubaaqudgha
Nemelex Xobeh
Okawaru
Ru
Trog
Zin

Shops:
D:4 }   D:7 %


Innate Abilities, Weirdness & Mutations

Your experience applies equally to all skills.
You have very sharp teeth.
Your uncanny sense of smell can sniff out nearby items.
Your mind is acute. (Int +2)
You are covered in fur. (AC +1)


Message History

The centaur is severely wounded.
The zombie hands constrict the centaur!
You kill the centaur!
Cheibriados thoroughly appreciates the change of pace.
The zombie hands constrict the centaur!
The zombie hands constrict the white ugly thing.
A white ugly thing comes into view.
The zombie hands constrict the centaur.
You kill the centaur!
Cheibriados thoroughly appreciates the change of pace.
The zombie hands constrict the white ugly thing!!
The zombie hands release their grip on the white ugly thing.
You block the white ugly thing's attack.
The white ugly thing trunk-slaps you but does no damage.
Things that are here:
a shortbow; 18 arrows Unknown command.
You hit the white ugly thing. You bite the white ugly thing.
The white ugly thing is heavily wounded.
The white ugly thing trunk-slaps you. The white ugly thing freezes you!!
Unknown command.
Casting: Borgnjor's Vile Clutch (safe; 8% risk of failure)
Confirm with . or Enter, or press ? or * to list all spells.
Aiming: Borgnjor's Vile Clutch (safe; 8% risk of failure)
Press: ? - help, Dir - move target cursor, f/p - white ugly thing
Aim: a white ugly thing (heavily wounded) Decaying hands burst forth from the earth!
Zombie hands grab the white ugly thing. x3
The zombie hands constrict the white ugly thing! x2
The zombie hands constrict the white ugly thing.
The white ugly thing struggles to escape constriction.
You block the white ugly thing's attack.
The white ugly thing struggles to escape constriction.
Unknown command.
You hit the white ugly thing but do no damage.
Lightning courses through the white ugly thing!
The white ugly thing is severely wounded.
The zombie hands constrict the white ugly thing.
The zombie hands constrict the white ugly thing! x2
The white ugly thing escapes!
The white ugly thing struggles to escape constriction.
The white ugly thing basks in the mutagenic energy from its kin and changes!
Unknown command.
You puncture the brown ugly thing!
The brown ugly thing is almost dead.
The zombie hands constrict the white ugly thing.
The zombie hands constrict the brown ugly thing.
You kill the brown ugly thing!
Cheibriados appreciates the change of pace.
Your Invocations skill increases to level 8!
The white ugly thing claws you! The white ugly thing freezes you!!
* * * LOW HITPOINT WARNING * * *
The white ugly thing struggles to escape constriction.
Casting: Borgnjor's Vile Clutch (safe; 8% risk of failure)
Confirm with . or Enter, or press ? or * to list all spells.
Aiming: Borgnjor's Vile Clutch (safe; 8% risk of failure)
Press: ? - help, Dir - move target cursor, f - white ugly thing
Aim: a white ugly thing (moderately wounded) Decaying hands burst forth from the earth!
Zombie hands grab the white ugly thing. x2
The white ugly thing is unaffected.
The zombie hands constrict the white ugly thing! x3
You block the white ugly thing's attack.
The white ugly thing struggles to escape constriction.
The white ugly thing escapes!
Evoke which item? (* to show all) (? for menu, Esc to quit)
Okay, then.
You hit the white ugly thing but do no damage.
Lightning courses through the white ugly thing!
You bite the white ugly thing.
The white ugly thing is severely wounded.
The zombie hands constrict the white ugly thing. x2
The white ugly thing basks in the mutagenic energy from its kin and changes!
The white ugly thing struggles to escape constriction.
You block the white ugly thing's attack.
You hit the white ugly thing.
Lightning courses through the white ugly thing!
The white ugly thing is severely wounded.
The zombie hands constrict the white ugly thing!
The zombie hands constrict the green ugly thing!
The white ugly thing claws you!
* * * LOW HITPOINT WARNING * * *
The white ugly thing freezes you!
* * * LOW HITPOINT WARNING * * *
Unknown command.
Evoke which item? (* to show all) (? for menu, Esc to quit)
Aiming: Corrosive Bolt
Press: ? - help, Shift-Dir - straight line, f/p - white ugly thing
Aim: a white ugly thing (severely wounded, constricted by zombie hands)
The bolt of acid misses the white ugly thing.
The bolt of acid hits the green ugly thing.
The green ugly thing is splashed with acid.
The acid corrodes the green ugly thing!
The green ugly thing is heavily wounded.
The zombie hands constrict the white ugly thing!
The zombie hands constrict the green ugly thing!
The white ugly thing tentacle-slaps you.
* * * LOW HITPOINT WARNING * * *
The white ugly thing freezes you!!
You die...

#.# #.# #.########
#..(.....#
#........#
###########........#
......†(.(.....#####
......u.(......#
.....uu@)......#
...............#
...............#
####.............
#.............#
#.............#
########...... ....


You could see 3 ugly things.

Vanquished Creatures
  Rupert (D:13)
  Gastronok (D:11)
  A minotaur (Lab)
  A vault guard (D:13)
  A hydra (D:13)
  A centaur warrior (D:13)
  A two-headed ogre (D:13)
  2 cyclopes (D:13)
  3 ugly things
  A manticore (D:13)
  A centaur zombie (D:14)
  2 centaur skeletons
  A kobold demonologist (D:13)
  A komodo dragon (D:13)
  2 trolls (D:13)
  Grinder (D:3)
  A hippogriff (D:6)
  2 redbacks (Lab)
  A shadow (D:14)
  A yak (D:13)
  A steam dragon (D:11)
  4 basilisks (Lab)
  A hungry ghost (D:9)
  2 vampire mosquitoes (D:12)
  3 acid dragons (D:13)
  3 orc warriors
  A sky beast (D:6)
  2 black bears
  2 ice beasts
  3 phantoms
  An eye of draining (D:13)
  9 centaurs
  5 ogres
  Blork the orc (D:4)
  2 big kobolds (D:8)
  4 bullfrogs
  A wyvern skeleton (D:13)
  3 scorpions (D:4)
  9 killer bees
  A wight (D:10)
  A howler monkey (D:5)
  A bullfrog zombie (D:10)
  4 crimson imps
  5 hounds
  5 orc priests
  5 jellies
  A bullfrog skeleton (D:11)
  7 orc wizards
  9 worker ants
  Natasha (twice) (D:2)
  A hound skeleton (D:4)
  Robin (D:3)
  6 adders
  A howler monkey skeleton (D:6)
  An ooze (D:4)
  An adder skeleton (D:4)
  An adder zombie (D:7)
  2 dart slugs (D:1)
  6 leopard geckos
  28 orcs
  A ball python (D:2)
  3 giant cockroaches
  8 hobgoblins
  4 jackals (D:8)
  A quokka (D:11)
  A bat (D:3)
  2 frilled lizards
  12 goblins
  12 kobolds
  6 rats
222 creatures vanquished.

Vanquished Creatures (collateral kills)
  An adder (D:4)
1 creature vanquished.

Vanquished Creatures (others)
  A cyclops (D:14)
1 creature vanquished.

Grand Total: 224 creatures vanquished

Notes
Turn   | Place    | Note
-------+----------+-------------------------------------------
     0 | D:1      | tidbits the Gnoll Transmuter began the quest for the Orb.
     0 | D:1      | Reached XP level 1. HP: 17/17 MP: 6/6
    49 | D:1      | Reached XP level 2. HP: 12/23 MP: 5/7
    53 | D:1      | Learned a level 2 spell: Sticks to Snakes
   160 | D:2      | Found a shadowy altar of Dithmenos.
   202 | D:2      | Noticed Natasha
   210 | D:2      | Killed Natasha
   210 | D:2      | Reached skill level 5 in Spellcasting
   210 | D:2      | Reached skill level 1 in Invocations
   210 | D:2      | Reached XP level 3. HP: 25/28 MP: 2/9
   215 | D:2      | Learned a level 3 spell: Spider Form
   297 | D:2      | Noticed Natasha
   301 | D:2      | Killed Natasha
   301 | D:2      | Reached skill level 1 in Short Blades
   301 | D:2      | Reached skill level 1 in Long Blades
   301 | D:2      | Reached skill level 1 in Axes
   301 | D:2      | Reached skill level 1 in Maces & Flails
   301 | D:2      | Reached skill level 1 in Polearms
   301 | D:2      | Reached skill level 1 in Staves
   301 | D:2      | Reached skill level 1 in Slings
   301 | D:2      | Reached skill level 1 in Bows
   301 | D:2      | Reached skill level 1 in Crossbows
   301 | D:2      | Reached skill level 1 in Throwing
   301 | D:2      | Reached skill level 1 in Armour
   301 | D:2      | Reached skill level 1 in Stealth
   301 | D:2      | Reached skill level 1 in Shields
   301 | D:2      | Reached skill level 1 in Evocations
   301 | D:2      | Reached XP level 4. HP: 34/34 MP: 7/11
   316 | D:3      | Noticed Robin
   341 | D:3      | Found a sacrificial altar of Ru.
   348 | D:3      | Reached skill level 1 in Conjurations
   348 | D:3      | Reached skill level 1 in Hexes
   348 | D:3      | Reached skill level 1 in Charms
   348 | D:3      | Reached skill level 1 in Summonings
   348 | D:3      | Reached skill level 1 in Necromancy
   348 | D:3      | Reached skill level 1 in Translocations
   348 | D:3      | Reached skill level 1 in Fire Magic
   348 | D:3      | Reached skill level 1 in Ice Magic
   348 | D:3      | Reached skill level 1 in Air Magic
   348 | D:3      | Reached skill level 1 in Earth Magic
   348 | D:3      | Reached skill level 1 in Poison Magic
   390 | D:3      | Reached XP level 5. HP: 40/40 MP: 8/12
   485 | D:4      | Reached skill level 3 in Fighting
   505 | D:3      | Killed Robin
   505 | D:3      | Reached skill level 4 in Transmutations
   637 | D:4      | Reached skill level 2 in Invocations
   637 | D:4      | Reached XP level 6. HP: 33/47 MP: 10/13
   672 | D:5      | Entered Level 5 of the Dungeon
   754 | D:4      | Reached skill level 2 in Short Blades
   754 | D:4      | Reached skill level 2 in Long Blades
   754 | D:4      | Reached skill level 2 in Axes
   754 | D:4      | Reached skill level 2 in Maces & Flails
   754 | D:4      | Reached skill level 2 in Polearms
   754 | D:4      | Reached skill level 2 in Staves
   754 | D:4      | Reached skill level 2 in Slings
   754 | D:4      | Reached skill level 2 in Bows
   754 | D:4      | Reached skill level 2 in Crossbows
   754 | D:4      | Reached skill level 2 in Throwing
   754 | D:4      | Reached skill level 2 in Armour
   754 | D:4      | Reached skill level 5 in Dodging
   754 | D:4      | Reached skill level 2 in Stealth
   754 | D:4      | Reached skill level 2 in Shields
   754 | D:4      | Reached skill level 2 in Evocations
   984 | D:4      | Found Leczasm's Gadget Boutique.
   985 | D:4      | Noticed a phantom
  1008 | D:4      | Killed a phantom
  1008 | D:4      | Reached XP level 7. HP: 49/52 MP: 11/15
  1017 | D:4      | Noticed Blork the orc
  1032 | D:4      | Reached skill level 7 in Unarmed Combat
  1038 | D:4      | Killed Blork the orc
  1038 | D:4      | Reached skill level 2 in Conjurations
  1038 | D:4      | Reached skill level 2 in Hexes
  1038 | D:4      | Reached skill level 2 in Charms
  1038 | D:4      | Reached skill level 2 in Summonings
  1038 | D:4      | Reached skill level 2 in Necromancy
  1038 | D:4      | Reached skill level 2 in Translocations
  1038 | D:4      | Reached skill level 2 in Fire Magic
  1038 | D:4      | Reached skill level 2 in Ice Magic
  1038 | D:4      | Reached skill level 2 in Air Magic
  1038 | D:4      | Reached skill level 2 in Earth Magic
  1038 | D:4      | Reached skill level 2 in Poison Magic
  1073 | D:3      | Noticed Grinder
  1101 | D:3      | Killed Grinder
  1101 | D:3      | Reached skill level 3 in Invocations
  1184 | D:4      | Reached XP level 8. HP: 28/60 MP: 12/16
  1435 | D:5      | Reached skill level 4 in Fighting
  1437 | D:5      | Reached skill level 3 in Short Blades
  1437 | D:5      | Reached skill level 3 in Long Blades
  1437 | D:5      | Reached skill level 3 in Axes
  1437 | D:5      | Reached skill level 3 in Maces & Flails
  1437 | D:5      | Reached skill level 3 in Polearms
  1437 | D:5      | Reached skill level 3 in Staves
  1437 | D:5      | Reached skill level 3 in Slings
  1437 | D:5      | Reached skill level 3 in Bows
  1437 | D:5      | Reached skill level 3 in Crossbows
  1437 | D:5      | Reached skill level 3 in Throwing
  1437 | D:5      | Reached skill level 3 in Armour
  1437 | D:5      | Reached skill level 3 in Stealth
  1437 | D:5      | Reached skill level 3 in Shields
  1437 | D:5      | Reached skill level 3 in Evocations
  1456 | D:5      | Found a white marble altar of Elyvilon.
  1497 | D:6      | Found a staircase to the Ecumenical Temple.
  1506 | Temple   | Entered the Ecumenical Temple
  1522 | Temple   | Became a worshipper of Cheibriados the Contemplative
  1548 | D:6      | Reached skill level 6 in Spellcasting
  1564 | D:6      | Noticed a hippogriff
  1766 | D:7      | Found Fabeiklu's Food Boutique.
  1875 | D:6      | Killed a hippogriff
  1905 | D:6      | Reached skill level 4 in Invocations
  1964 | D:8      | Found a hazy altar of Hepliaklqana.
  1980 | D:8      | Reached skill level 3 in Conjurations
  1980 | D:8      | Reached skill level 3 in Hexes
  1980 | D:8      | Reached skill level 3 in Charms
  1980 | D:8      | Reached skill level 3 in Summonings
  1980 | D:8      | Reached skill level 3 in Necromancy
  1980 | D:8      | Reached skill level 3 in Translocations
  1980 | D:8      | Reached skill level 3 in Fire Magic
  1980 | D:8      | Reached skill level 3 in Ice Magic
  1980 | D:8      | Reached skill level 3 in Air Magic
  1980 | D:8      | Reached skill level 3 in Earth Magic
  1980 | D:8      | Reached skill level 3 in Poison Magic
  2026 | D:10     | Entered Level 10 of the Dungeon
  2038 | D:10     | Reached skill level 6 in Dodging
  2038 | D:10     | Reached XP level 9. HP: 58/66 MP: 14/18
  2068 | D:9      | Reached skill level 5 in Transmutations
  2075 | D:10     | Found a staircase to the Orcish Mines.
  2116 | D:9      | Noticed a two-headed ogre
  2133 | D:9      | Learned a level 4 spell: Ice Form
  2139 | D:9      | Learned a level 5 spell: Blade Hands
  2148 | D:8      | Reached * piety under Cheibriados
  2219 | D:8      | Identified a scroll of acquirement
  2225 | D:8      | Reached skill level 4 in Short Blades
  2225 | D:8      | Reached skill level 4 in Long Blades
  2225 | D:8      | Reached skill level 4 in Axes
  2225 | D:8      | Reached skill level 4 in Maces & Flails
  2225 | D:8      | Reached skill level 4 in Polearms
  2225 | D:8      | Reached skill level 4 in Staves
  2225 | D:8      | Reached skill level 4 in Slings
  2225 | D:8      | Reached skill level 4 in Bows
  2225 | D:8      | Reached skill level 4 in Crossbows
  2225 | D:8      | Reached skill level 4 in Throwing
  2225 | D:8      | Reached skill level 4 in Armour
  2225 | D:8      | Reached skill level 4 in Stealth
  2225 | D:8      | Reached skill level 4 in Shields
  2225 | D:8      | Reached skill level 4 in Evocations
  2378 | D:10     | Reached skill level 5 in Fighting
  2379 | D:10     | Reached ** piety under Cheibriados
  2523 | D:11     | Reached skill level 8 in Unarmed Combat
  2530 | D:11     | Noticed Gastronok
  2542 | D:11     | Killed Gastronok
  2542 | D:11     | Reached skill level 5 in Short Blades
  2542 | D:11     | Reached skill level 5 in Long Blades
  2542 | D:11     | Reached skill level 5 in Axes
  2542 | D:11     | Reached skill level 5 in Maces & Flails
  2542 | D:11     | Reached skill level 5 in Polearms
  2542 | D:11     | Reached skill level 5 in Staves
  2542 | D:11     | Reached skill level 5 in Slings
  2542 | D:11     | Reached skill level 5 in Bows
  2542 | D:11     | Reached skill level 5 in Crossbows
  2542 | D:11     | Reached skill level 5 in Throwing
  2542 | D:11     | Reached skill level 5 in Armour
  2542 | D:11     | Reached skill level 5 in Stealth
  2542 | D:11     | Reached skill level 5 in Shields
  2542 | D:11     | Reached skill level 7 in Spellcasting
  2542 | D:11     | Reached skill level 4 in Conjurations
  2542 | D:11     | Reached skill level 4 in Hexes
  2542 | D:11     | Reached skill level 4 in Charms
  2542 | D:11     | Reached skill level 4 in Summonings
  2542 | D:11     | Reached skill level 4 in Necromancy
  2542 | D:11     | Reached skill level 4 in Translocations
  2542 | D:11     | Reached skill level 4 in Fire Magic
  2542 | D:11     | Reached skill level 4 in Ice Magic
  2542 | D:11     | Reached skill level 4 in Air Magic
  2542 | D:11     | Reached skill level 4 in Earth Magic
  2542 | D:11     | Reached skill level 4 in Poison Magic
  2542 | D:11     | Reached skill level 5 in Invocations
  2542 | D:11     | Reached skill level 5 in Evocations
  2542 | D:11     | Reached XP level 10. HP: 41/76 MP: 15/20
  2558 | D:11     | Reached skill level 7 in Dodging
  2566 | D:11     | Found a staircase to the Lair.
  2566 | D:11     | Noticed a purple ugly thing
  2576 | D:11     | Killed a purple ugly thing
  2607 | D:11     | Reached skill level 6 in Fighting
  2707 | D:10     | Noticed a gargoyle
  2718 | D:10     | Reached skill level 6 in Transmutations
  2718 | D:10     | Reached skill level 6 in Invocations
  2725 | D:10     | Noticed a four-headed hydra
  2803 | D:11     | Reached *** piety under Cheibriados
  3003 | D:12     | Found a labyrinth entrance.
  3006 | D:12     | Reached XP level 11. HP: 54/82 MP: 22/22
  3027 | Lab      | Entered a labyrinth
  3196 | Lab      | Noticed a minotaur
  3209 | Lab      | HP: 8/83 [minotaur/war axe of chopping (2)]
  3215 | Lab      | Killed a minotaur
  3215 | Lab      | Reached skill level 6 in Short Blades
  3215 | Lab      | Reached skill level 6 in Long Blades
  3215 | Lab      | Reached skill level 6 in Axes
  3215 | Lab      | Reached skill level 6 in Maces & Flails
  3215 | Lab      | Reached skill level 6 in Polearms
  3215 | Lab      | Reached skill level 6 in Staves
  3215 | Lab      | Reached skill level 6 in Slings
  3215 | Lab      | Reached skill level 6 in Bows
  3215 | Lab      | Reached skill level 6 in Crossbows
  3215 | Lab      | Reached skill level 6 in Throwing
  3215 | Lab      | Reached skill level 6 in Armour
  3215 | Lab      | Reached skill level 6 in Stealth
  3215 | Lab      | Reached skill level 6 in Shields
  3215 | Lab      | Reached skill level 9 in Unarmed Combat
  3215 | Lab      | Reached skill level 5 in Conjurations
  3215 | Lab      | Reached skill level 5 in Hexes
  3215 | Lab      | Reached skill level 5 in Charms
  3215 | Lab      | Reached skill level 5 in Summonings
  3215 | Lab      | Reached skill level 5 in Necromancy
  3215 | Lab      | Reached skill level 5 in Translocations
  3215 | Lab      | Reached skill level 5 in Fire Magic
  3215 | Lab      | Reached skill level 5 in Ice Magic
  3215 | Lab      | Reached skill level 5 in Air Magic
  3215 | Lab      | Reached skill level 5 in Earth Magic
  3215 | Lab      | Reached skill level 5 in Poison Magic
  3215 | Lab      | Reached skill level 6 in Evocations
  3233 | Lab      | Learned a level 3 spell: Regeneration
  3240 | Lab      | Learned a level 5 spell: Borgnjor's Vile Clutch
  3242 | Lab      | Learned a level 1 spell: Apportation
  3262 | D:13     | Noticed a five-headed hydra
  3270 | D:13     | Reached skill level 8 in Spellcasting
  3296 | D:13     | Killed a five-headed hydra
  3353 | D:13     | Noticed a cyan ugly thing
  3354 | D:13     | Noticed a centaur warrior
  3362 | D:13     | Killed a cyan ugly thing
  3374 | D:13     | Noticed a cyclops
  3380 | D:13     | Killed a cyclops
  3418 | D:13     | Noticed a two-headed ogre
  3418 | D:13     | Noticed a cyclops
  3430 | D:13     | Noticed a manticore
  3435 | D:13     | Reached **** piety under Cheibriados
  3435 | D:13     | Reached skill level 7 in Invocations
  3436 | D:13     | Killed a cyclops
  3436 | D:13     | Reached skill level 7 in Fighting
  3436 | D:13     | Reached skill level 8 in Dodging
  3437 | D:13     | Killed a centaur warrior
  3442 | D:13     | Killed a manticore
  3457 | D:13     | Killed a two-headed ogre
  3473 | D:13     | Reached XP level 12. HP: 55/91 MP: 2/24
  3663 | D:13     | Found a flickering gateway to a bazaar.
  3663 | D:13     | Noticed Rupert
  3673 | D:13     | Killed Rupert
  3673 | D:13     | Reached skill level 7 in Short Blades
  3673 | D:13     | Reached skill level 7 in Long Blades
  3673 | D:13     | Reached skill level 7 in Axes
  3673 | D:13     | Reached skill level 7 in Maces & Flails
  3673 | D:13     | Reached skill level 7 in Polearms
  3673 | D:13     | Reached skill level 7 in Staves
  3673 | D:13     | Reached skill level 7 in Slings
  3673 | D:13     | Reached skill level 7 in Bows
  3673 | D:13     | Reached skill level 7 in Crossbows
  3673 | D:13     | Reached skill level 7 in Throwing
  3673 | D:13     | Reached skill level 7 in Armour
  3673 | D:13     | Reached skill level 7 in Stealth
  3673 | D:13     | Reached skill level 7 in Shields
  3673 | D:13     | Reached skill level 7 in Transmutations
  3673 | D:13     | Reached skill level 7 in Evocations
  3683 | Bazaar   | Entered a bazaar
  3700 | Bazaar   | Found Ror Zuo's Antique Armour Emporium.
  3715 | Bazaar   | Found Mius's Assorted Antiques.
  3715 | Bazaar   | Found Cearch's General Store.
  3736 | Bazaar   | Found Xuacabov's Food Emporium.
  3736 | Bazaar   | Found Ekhyiku's Weapon Shoppe.
  3751 | Bazaar   | Found Oxusaf's Distillery.
  3776 | Bazaar   | Bought a potion of curing for 48 gold pieces
  3776 | Bazaar   | Bought a potion of lignification for 48 gold pieces
  3776 | Bazaar   | Bought a potion of curing for 48 gold pieces
  3776 | Bazaar   | Bought a potion of magic for 128 gold pieces
  3776 | Bazaar   | Bought a potion of mutation for 128 gold pieces
  3776 | Bazaar   | Bought a potion of heal wounds for 80 gold pieces
  3776 | Bazaar   | Bought a potion of resistance for 160 gold pieces
  3776 | Bazaar   | Bought a potion of mutation for 128 gold pieces
  3776 | Bazaar   | Bought a potion of might for 64 gold pieces
  3776 | Bazaar   | Bought a potion of might for 64 gold pieces
  3776 | Bazaar   | Bought a potion of resistance for 160 gold pieces
  3776 | Bazaar   | Gained mutation: Your body sometimes deteriorates upon taking damage. [potion of mutation]
  3776 | Bazaar   | Gained mutation: Your body often deteriorates upon taking damage. [potion of mutation]
  3776 | Bazaar   | Gained mutation: You are robust. (+10% HP) [potion of mutation]
  3777 | Bazaar   | Upgraded the game from 0.22-a0-274-gf8199ec to 0.22-a0-278-g8f80174
  3808 | Bazaar   | Bought a wand of enslavement (20) for 264 gold pieces
  3808 | Bazaar   | Bought a scroll of identify for 24 gold pieces
  3822 | Bazaar   | Bought a heavily runed leather armour for 182 gold pieces
  3822 | Bazaar   | Bought a runed shield for 195 gold pieces
  3832 | Bazaar   | Identified the cursed +1 leather armour "Eceob" {rElec Stlth+} (You bought it in a shop in a bazaar)
  3916 | D:13     | Noticed a vault guard
  3916 | D:13     | Found a gate to the Vaults.
  3927 | D:13     | Killed a vault guard
  3993 | D:13     | Lost mutation: Your body often deteriorates upon taking damage. [potion of mutation]
  3993 | D:13     | Lost mutation: You are robust. (+10% HP) [potion of mutation]
  3993 | D:13     | Lost mutation: Your body sometimes deteriorates upon taking damage. [potion of mutation]
  3993 | D:13     | Gained mutation: You are covered in fur. (AC +1) [potion of mutation]
  3993 | D:13     | Gained mutation: Your mind is acute. (Int +2) [potion of mutation]
  4037 | D:14     | Reached ***** piety under Cheibriados
  4037 | D:14     | Reached skill level 6 in Conjurations
  4037 | D:14     | Reached skill level 6 in Hexes
  4037 | D:14     | Reached skill level 6 in Charms
  4037 | D:14     | Reached skill level 6 in Summonings
  4037 | D:14     | Reached skill level 6 in Necromancy
  4037 | D:14     | Reached skill level 6 in Translocations
  4037 | D:14     | Reached skill level 6 in Fire Magic
  4037 | D:14     | Reached skill level 6 in Ice Magic
  4037 | D:14     | Reached skill level 6 in Air Magic
  4037 | D:14     | Reached skill level 6 in Earth Magic
  4037 | D:14     | Reached skill level 6 in Poison Magic
  4056 | D:14     | Reached skill level 8 in Invocations
  4059 | D:14     | HP: 6/92 [white ugly thing (13)]
  4060 | D:14     | HP: 2/92 [white ugly thing (4)]
  4060 | D:14     | Demolished by a white ugly thing

Vault maps used:
D:1:      zelgadis_glass_arrival_small, minmay_unequal
D:2:      overflow_temple_1_default, uniq_natasha
D:3:      yredelemnul_forgotten_temple_becter,
          nicolae_ru_great_annihilating_truth, uniq_grinder, uniq_robin
D:4:      gup_sewer_entry_bubbles, serial_shops,
          nicolae_shop_temple_entry_statues_fountains, uniq_blork_the_orc
D:5:      kennysheep_mini, gammafunk_temple_overflow_arena, first_ration,
          grunt_decor_resistance
D:6:      temple_fountains, due_unseen_surprise
D:7:      serial_shops, nicolae_shop_behind_doors
D:8:      marbit_many_paths, special_room, basic_altar, uniq_erica
D:9:      lemuel_doored_altar
D:10:     cheibrodos_fzero, hangedman_little_slice_of_home,
          nicolae_dithmenos_shadow_blocks
D:11:     lair_entry_dummy, palyth_stone_intersect, uniq_gastronok
D:12:     lab_entry_generic, tgw_lugonu_bribe, uniq_erolcha, uniq_frances
D:13:     david_vaults_5, serial_shops, bzr_entry_safe,
          hangedman_abyss_or_decor_stagger, kennysheep_kite_vault,
          uniq_josephine, uniq_rupert
D:14:     hangedman_decor_clover_reticule, uniq_louise, uniq_azrael, uniq_nessos
Temple:   eino_wide_crystal_templ
Lab:      labyrinth_watery, lab_fountain, nicolae_lab_grate_2,
          labyrinth_skeletal_remains
Bazaar:   bazaar_long_row

Skill      XL: |  1  2  3  4  5  6  7  8  9 10 11 12 |
---------------+-------------------------------------+-----
Spellcasting   | 5 6 7 8 |  8.9
Invocations    | 1 2 3 4 5 6 7 8 |  8.0
Short Blades   | 1 2 3 5 6 7 |  7.2
Long Blades    | 1 2 3 5 6 7 |  7.2
Axes           | 1 2 3 5 6 7 |  7.2
Maces & Flails | 1 2 3 5 6 7 |  7.2
Polearms       | 1 2 3 5 6 7 |  7.2
Staves         | 1 2 3 5 6 7 |  7.2
Slings         | 1 2 3 5 6 7 |  7.2
Bows           | 1 2 3 5 6 7 |  7.2
Crossbows      | 1 2 3 5 6 7 |  7.2
Throwing       | 1 2 3 5 6 7 |  7.2
Armour         | 1 2 3 5 6 7 |  7.2
Stealth        | 1 2 3 5 6 7 |  7.2
Shields        | 1 2 3 5 6 7 |  7.2
Evocations     | 1 2 3 5 6 7 |  7.2
Conjurations   | 1 2 3 4 5 6 |  6.0
Hexes          | 1 2 3 4 5 6 |  6.0
Charms         | 1 2 3 4 5 6 |  6.0
Summonings     | 1 2 3 4 5 6 |  6.0
Necromancy     | 1 2 3 4 5 6 |  6.0
Translocations | 1 2 3 4 5 6 |  6.0
Fire Magic     | 1 2 3 4 5 6 |  6.0
Ice Magic      | 1 2 3 4 5 6 |  6.0
Air Magic      | 1 2 3 4 5 6 |  6.0
Earth Magic    | 1 2 3 4 5 6 |  6.0
Poison Magic   | 1 2 3 4 5 6 |  6.0
Fighting       | 3 4 5 6 7 |  7.7
Transmutations | 4 5 6 7 |  7.2
Dodging        | 5 6 7 8 |  8.7
Unarmed Combat | 7 8 9 |  9.8

Action                   |  1- 3 |  4- 6 |  7- 9 | 10-12 || total
-------------------------+-------+-------+-------+-------++-------
Melee: Unarmed           |    44 |   105 |   237 |   124 ||   510
       Headbutt          |     6 |       |       |       ||     6
       Bite              |     2 |       |     9 |    24 ||    35
       Dagger            |       |       |    11 |    41 ||    52
       Punch             |       |       |     5 |    12 ||    17
Throw: Stone             |     1 |       |     1 |     1 ||     3
       Javelin           |       |       |       |     7 ||     7
 Cast: Beastly Appendage |     8 |       |       |       ||     8
       Sticks to Snakes  |     2 |     5 |     4 |     3 ||    14
       Spider Form       |     2 |    13 |    19 |     1 ||    35
       Blade Hands       |       |       |    12 |    22 ||    34
       Borgnjor's Vile C |       |       |       |     9 ||     9
       Regeneration      |       |       |       |     4 ||     4
       Apportation       |       |       |       |     1 ||     1
Invok: Bend Time         |       |       |       |     2 ||     2
 Abil: End Transformatio |       |       |     3 |     5 ||     8
Evoke: Wand              |       |       |     6 |    18 ||    24
  Use: Scroll            |       |     7 |     4 |     6 ||    17
       Potion            |       |       |     3 |    10 ||    13
 Stab: Sleeping          |       |     5 |     5 |     7 ||    17
       Distracted        |       |     1 |     1 |     1 ||     3
  Eat: Chunk             |       |       |    10 |     4 ||    14
       Ration            |       |       |       |     1 ||     1
Armor: Robe              |     3 |     1 |       |       ||     4
       Skin              |       |     5 |     4 |       ||     9
       Animal skin       |       |       |    20 |    18 ||    38
       Leather armour    |       |       |       |     3 ||     3
Dodge: Dodged            |    23 |    96 |   178 |   127 ||   424
Block: Shield            |       |       |       |    16 ||    16

Table legend:
 A = Spawn XP
 B = Non-spawn XP
 C = Spawn XP percentage of total XP
 D = Spawn monster count
 E = Non-spawn monster count
 F = Spawn count percentage of total count
 G = Total turns spent on level
                    A         B        C        D         E        F      G
               +---------+---------+-------+---------+---------+-------+---------
         Total |       0 |   25759 |   0.0 |       0 |     223 |   0.0 |  4060
               +---------+---------+-------+---------+---------+-------+---------
           D:1 |       0 |      11 |   0.0 |       0 |       5 |   0.0 |    95
           D:2 |       0 |      96 |   0.0 |       0 |      11 |   0.0 |   223
           D:3 |       0 |     390 |   0.0 |       0 |      34 |   0.0 |   336
           D:4 |       0 |     776 |   0.0 |       0 |      29 |   0.0 |   598
           D:5 |       0 |     234 |   0.0 |       0 |       7 |   0.0 |   239
           D:6 |       0 |     457 |   0.0 |       0 |       4 |   0.0 |   223
           D:7 |       0 |     259 |   0.0 |       0 |       5 |   0.0 |   197
           D:8 |       0 |     481 |   0.0 |       0 |      21 |   0.0 |   238
           D:9 |       0 |     277 |   0.0 |       0 |       7 |   0.0 |   155
          D:10 |       0 |    1350 |   0.0 |       0 |      20 |   0.0 |   292
          D:11 |       0 |    4093 |   0.0 |       0 |      18 |   0.0 |   220
          D:12 |       0 |    1089 |   0.0 |       0 |       9 |   0.0 |   200
          D:13 |       0 |   12042 |   0.0 |       0 |      38 |   0.0 |   519
          D:14 |       0 |    1763 |   0.0 |       0 |       8 |   0.0 |    65
           Lab |       0 |    2441 |   0.0 |       0 |       7 |   0.0 |   217
               +---------+---------+-------+---------+---------+-------+---------

Table legend:
 A = Turns spent in this place as a percentage of turns spent in the entire game.
 B = Non-inter-level travel turns spent in this place as a percentage of non-inter-level travel turns spent in the entire game.
 C = Inter-level travel turns spent in this place as a percentage of turns spent in this place.
 D = Turns resting spent in this place as a percentage of non-inter-level travel turns spent in this place.
 E = Turns spent auto-exploring this place as a percentage of non-inter-level travel turns spent in this place.
 F = Non-inter-level travel turns spent in this place divided by the number of levels of this place that you've seen.
                   A       B       C       D       E      F
               +-------+-------+-------+-------+-------+----------------------
         Total | 100.0 | 100.0 |   0.7 |   0.0 |   0.0 | 237.1
       Dungeon |  88.7 |  88.9 |   0.5 |   0.0 |   0.0 | 255.8
        Temple |   0.7 |   0.4 |  37.9 |   0.0 |   0.0 |  18.0
     Labyrinth |   5.3 |   5.4 |   0.0 |   0.0 |   0.0 | 217.0
        Bazaar |   5.3 |   5.3 |   0.0 |   0.0 |   0.0 | 214.0
               +-------+-------+-------+-------+-------+----------------------

Table legend:
 A = Kills in this place as a percentage of kills in entire the game.
 B = Kills by you in this place as a percentage of kills by you in the entire game.
 C = Kills by friends in this place as a percentage of kills by friends in the entire game.
 D = Other kills in this place as a percentage of other kills in the entire game.
 E = Experience gained in this place as a percentage of experience gained in the entire game.
 F = Experience gained in this place divided by the number of levels of this place that you have seen.
                   A       B       C       D       E      F
               +-------+-------+-------+-------+-------+----------------------
         Total | 100.0 | 100.0 | 100.0 |   N/A | 100.0 | 1515.2
       Dungeon |  96.9 |  96.8 | 100.0 |   N/A |  90.5 | 1665.6
     Labyrinth |   3.1 |   3.2 |   0.0 |   N/A |   9.5 | 2441.0
               +-------+-------+-------+-------+-------+----------------------

Vault maps used:
D:1:      zelgadis_glass_arrival_small, minmay_unequal
D:2:      overflow_temple_1_default, uniq_natasha
D:3:      yredelemnul_forgotten_temple_becter,
          nicolae_ru_great_annihilating_truth, uniq_grinder, uniq_robin
D:4:      gup_sewer_entry_bubbles, serial_shops,
          nicolae_shop_temple_entry_statues_fountains, uniq_blork_the_orc
D:5:      kennysheep_mini, gammafunk_temple_overflow_arena, first_ration,
          grunt_decor_resistance
D:6:      temple_fountains, due_unseen_surprise
D:7:      serial_shops, nicolae_shop_behind_doors
D:8:      marbit_many_paths, special_room, basic_altar, uniq_erica
D:9:      lemuel_doored_altar
D:10:     cheibrodos_fzero, hangedman_little_slice_of_home,
          nicolae_dithmenos_shadow_blocks
D:11:     lair_entry_dummy, palyth_stone_intersect, uniq_gastronok
D:12:     lab_entry_generic, tgw_lugonu_bribe, uniq_erolcha, uniq_frances
D:13:     david_vaults_5, serial_shops, bzr_entry_safe,
          hangedman_abyss_or_decor_stagger, kennysheep_kite_vault,
          uniq_josephine, uniq_rupert
D:14:     hangedman_decor_clover_reticule, uniq_louise, uniq_azrael, uniq_nessos
Temple:   eino_wide_crystal_templ
Lab:      labyrinth_watery, lab_fountain, nicolae_lab_grate_2,
          labyrinth_skeletal_remains
Bazaar:   bazaar_long_row
